AoeStats
← BraniacTr

Nomad

510832182Analyzed
4v4 RM · 14h ago on Oct 2, 2026· 62m 2s· 8 players
Game mode
Random Map
Map size
231×231
Population
200
Speed
Normal
Resources
Standard
Victory
Conquest
Starting age
Dark Age
Ending age
Imperial Age
RankedLock teamsTeams togetherTeam positionsShared explorationLock speedFull tech treeHidden civsTurbo modeCheats
Victory
Defeat
🇧🇷 Cumans · Brazil
779
+10
🇬🇧 Shu · United Kingdom
763
+11
🇹🇷 Huns · Türkiye
694
+13
🇺🇸 Huns · United States
488
+22
🇬🇧 Vietnamese · United Kingdom
687
-16
🇩🇪 Slavs · Germany
632
-14
🇨🇦 Teutons · Canada
618
-13
🇫🇮 Huns · Finland
602
-13
juliens_23
14:17 Feudal Age
15:26 Horse Collar
15:34 Double-Bit Axe
17:18 Fishing Lines
20:00 Stone Mining
20:03 Gold Mining
25:37 Castle Age
24:33 Man-at-Arms
26:27 Scale Mail Armor
26:38 Forging
26:33 Long Swordsman
27:42 Elite Skirmisher
28:56 Bow Saw
31:43 Caravan
32:45 Squires
32:33 Gambesons
34:12 Pikeman
35:43 Gillnets
38:30 Medium Warships
38:55 Padded Archer Armor
43:53 Imperial Age
45:55 Wheelbarrow
45:07 Town Watch
49:16 Crenellations
50:20 Conscription
51:20 Stone Shaft Mining
51:20 Heavy Warships
51:36 Hand Cart
51:22 Town Patrol
52:31 Iron Casting
52:11 Chain Mail Armor
52:53 Halberdier
55:41 Blast Furnace
54:55 Cavalier
Dr_safe_420
4:13 Loom
16:24 Feudal Age
18:25 Double-Bit Axe
24:01 Castle Age
22:23 Horse Collar
24:25 Man-at-Arms
25:41 Forging
25:32 Scale Mail Armor
25:42 Long Swordsman
28:57 Heavy Plow
29:29 Squires
38:24 Bow Saw
38:18 Pikeman
39:38 Iron Casting
39:18 Chain Mail Armor
45:40 Wheelbarrow
47:57 Imperial Age
47:43 Hand Cart
48:28 Detinets
50:38 Chemistry
49:59 Ballistics
51:06 Two-Man Saw
51:13 Heavy Scorpion
51:29 Halberdier
53:44 Blast Furnace
53:14 Plate Mail Armor
guitarluis2003
4:27 Loom
14:36 Feudal Age
18:30 Horse Collar
18:40 Double-Bit Axe
20:49 Gold Mining
20:54 Stone Mining
22:45 Fishing Lines
23:49 Man-at-Arms
25:56 Bloodlines
26:07 Forging
25:58 Scale Mail Armor
27:08 Scale Barding Armor
28:51 Fletching
29:02 Padded Archer Armor
33:27 Castle Age
33:51 Bloodlines
35:53 Heavy Plow
36:07 Bow Saw
36:24 Chain Barding Armor
36:18 Elite Skirmisher
37:40 Stone Shaft Mining
37:37 Caravan
37:42 Pikeman
38:24 Squires
38:10 Arson
40:00 Chatras
45:38 Imperial Age
44:11 Husbandry
44:43 Gillnets
46:51 Elite Rattan Archer
47:22 Imperial Skirmisher
48:08 Thumb Ring
50:01 Elite Fire Lancer
50:04 Halberdier
50:53 Thumb Ring
53:01 Chemistry
52:21 Ballistics
53:35 Two-Man Saw
53:30 Crop Rotation
55:01 Paper Money
60:18 Iron Casting
ApoC
19:41 Loom
30:49 Feudal Age
33:35 Double-Bit Axe
39:22 Castle Age
39:34 Forging
40:25 Pikeman
41:09 Scale Mail Armor
45:02 Iron Casting
Will Rossi
10:26 Loom
15:45 Feudal Age
20:18 Man-at-Arms
22:21 Arson
22:38 Scale Mail Armor
22:49 Forging
28:48 Castle Age
27:41 Bloodlines
28:05 Scale Barding Armor
30:21 Iron Casting
30:06 Chain Barding Armor
36:50 Double-Bit Axe
36:47 Horse Collar
40:22 Imperial Age
37:58 Steppe Husbandry
43:26 Blast Furnace
43:01 Plate Barding Armor
41:50 Elite Steppe Lancer
Ambwind
5:20 Loom
16:41 Feudal Age
23:34 Wheelbarrow
30:52 Castle Age
30:09 Scale Barding Armor
30:15 Forging
32:04 Hand Cart
31:49 Double-Bit Axe
32:44 Iron Casting
32:30 Chain Barding Armor
33:05 Bloodlines
32:21 Light Cavalry
35:26 Husbandry
38:14 Horse Collar
38:55 Bow Saw
38:55 Heavy Plow
39:17 Pikeman
39:58 Squires
39:44 Arson
40:05 Scale Mail Armor
41:02 Chain Mail Armor
43:07 Fishing Lines
46:39 Bloodlines
50:34 Imperial Age
52:20 Blast Furnace
51:56 Plate Barding Armor
50:46 Hussar
52:00 Gillnets
51:50 Cavalier
52:05 Cavalier
57:44 Caravan
Monkey
4:13 Loom
13:07 Feudal Age
13:37 Double-Bit Axe
13:40 Horse Collar
15:13 Gold Mining
22:53 Castle Age
21:30 Stone Mining
23:44 Bow Saw
23:42 Heavy Plow
25:34 Gold Shaft Mining
28:53 Coiled Serpent Array
29:15 Scale Mail Armor
29:26 Forging
32:18 Fortified Wall
35:45 Imperial Age
35:42 Ballistics
35:37 Masonry
35:43 Padded Archer Armor
35:39 Fletching
37:34 Bolt Magazine
39:09 Chemistry
38:12 Elite White Feather Guard
39:01 Bodkin Arrow
39:35 Chain Mail Armor
41:21 Bracer
41:38 Pikeman
43:47 Architecture
43:26 Coiled Serpent Array
43:12 Halberdier
43:55 Squires
45:20 Plate Mail Armor
45:07 Leather Archer Armor
45:14 Murder Holes
47:33 Arson
51:02 Ring Archer Armor
51:04 Siege Engineers
51:48 Arson
BraniacTr
Connection lost

Rejoining the realm…

Still unreachable

The connection could not be restored.

Session expired

The server has moved on; the page needs a fresh start.